 Dungeon Crawl Stone Soup version 0.29.1-1-gd02db69 (webtiles) character file.

Game seed: 14093823676089847835

26105 Kel the Spear-Bearer (level 13, -6/80 HPs)
             Began as a Gargoyle Berserker on Nov 27, 2022.
             Was a High Priest of Trog.
             Mangled by a white ugly thing (31 damage)
             ... on level 11 of the Dungeon.
             The game lasted 00:28:59 (15306 turns).

Kel the Spear-Bearer (Gargoyle Berserker)          Turns: 15306, Time: 00:29:00

Health: -6/80      AC: 35    Str: 43    XL:     13   Next: 23%
Magic:  4/4        EV:  8    Int:  7    God:    Trog [*****.]
Gold:   1043       SH:  0    Dex:  9    Spells: 12/12 levels left

rFire   . . .      SeeInvis .   J - +10 dire flail of Dividends {venom, rCorr MP-9 Str+4 Stlth+}
rCold   . . .      Faith    .   (shield currently unavailable)
rNeg    + . .      Spirit   .   K - +2 crystal plate armour
rPois   ∞          Reflect  .   (no helmet)
rElec   +          Harm     .   (no cloak)
rCorr   +          Rampage  .   e - +0 pair of gloves
Will    .....                   j - +2 pair of boots
Stlth   ..........              (no amulet)
HPRegen 0.23/turn               d - +6 ring of strength
MPRegen 0.09/turn               M - +6 ring of strength

@: no status effects
A: sickness immunity, AC +9, negative energy resistance 1, electricity
resistance, torment resistance 1, petrification resistance
a: Renounce Religion, Berserk, Trog's Hand, Brothers in Arms


You were on level 11 of the Dungeon.
You worshipped Trog.
Trog was extremely pleased with you.
You visited 1 branch of the dungeon, and saw 12 of its levels.
You also visited: Sewer, Ossuary and Bailey.

You collected 1043 gold pieces.

Inventory:

Hand Weapons
 J - the +10 dire flail of Dividends (weapon) {venom, rCorr MP-9 Str+4 Stlth+}
   (You took it off an orc in a bailey)

   It poisons the flesh of those it strikes.
   Str:       It affects your strength (+4).
   MP:        It affects your magic capacity (-9).
   rCorr:     It protects you from acid and corrosion.
   Stlth:     It makes you more stealthy.
Armour
 e - a +0 pair of gloves (worn)
 j - a +2 pair of boots (worn)
 K - a +2 crystal plate armour (worn)
 L - a +2 kite shield
Jewellery
 d - a +6 ring of strength (left hand)
 m - a ring of flight
 M - a +6 ring of strength (right hand)
 S - an amulet of magic regeneration
 U - the ring "Ecarch" {Will+ Dex+6}
   (You took it off a deep elf pyromancer on level 10 of the Dungeon)

   [ring of dexterity]

   Dex:       It affects your dexterity (+6).
   Will:      It increases your willpower.
 V - a +6 ring of dexterity
Wands
 a - a wand of flame (26)
 N - a wand of roots (2)
 P - a wand of paralysis (11)
 Q - a wand of mindburst (5)
 R - a wand of polymorph (6)
Scrolls
 b - 3 scrolls of vulnerability
 f - a scroll of silence {unknown}
 h - 4 scrolls of enchant armour
 k - 2 scrolls of blinking {unknown}
 l - 7 scrolls of identify
 p - 6 scrolls of magic mapping {unknown}
 q - 2 scrolls of fog {unknown}
 r - 3 scrolls of fear {unknown}
 u - 4 scrolls of amnesia {unknown}
 w - 3 scrolls of immolation {unknown}
 C - 7 scrolls of teleportation {unknown}
 D - a scroll of torment {unknown}
 F - 3 scrolls of noise {unknown}
 H - a scroll of brand weapon {unknown}
 I - 2 scrolls of acquirement
 W - a scroll of poison {unknown}
Potions
 c - a potion of might {unknown}
 g - a potion of resistance {unknown}
 i - 3 potions of heal wounds
 n - 2 potions of magic {unknown}
 o - 3 potions of degeneration {unknown}
 s - 4 potions of curing
 t - 3 potions of mutation {unknown}
 v - 3 potions of cancellation {unknown}
 x - a potion of brilliance {unknown}
 z - 3 potions of lignification {unknown}
 A - 5 potions of haste {unknown}
 B - 3 potions of ambrosia {unknown}
 E - a potion of flight {unknown}
 G - 3 potions of invisibility {unknown}
 O - a potion of attraction {unknown}
Miscellaneous
 y - a piece from Xom's chessboard (15/15)
 T - a phial of floods


   Skills:
 + Level 9.0 Fighting
 - Level 3.8(11.9) Axes
 + Level 12.5(12.8) Maces & Flails
 - Level 13.3(13.5) Polearms
 + Level 8.6 Armour
 - Level 1.5 Dodging


You had 12 spell levels left.
You didn't know any spells.
Your spell library was empty.

Dungeon Overview and Level Annotations

Branches:
Dungeon (12/15)            Temple (0/1) D:5            Lair (0/5) D:10
  Sewer (visited)         Ossuary (visited)          Bailey (visited)
    Orc: D:9-12

Altars:
Fedhas
Hepliaklqana
Vehumet
Wu Jian
Xom

Shops:
D:4 =?!

Annotations:
D:9 exclusion: orange crystal statue


Innate Abilities, Weirdness & Mutations

You are immune to sickness and miasma.
Your stone body is resilient. (AC +9)
You are immune to poison.
You resist negative energy. (rN+)
You are resistant to electric shocks. (rElec)
You are resistant to unholy torment.
You are immune to petrification.


Message History

The orc shouts! x2
You climb upwards.
There is a stone staircase leading down here.
You start resting.
HP restored.
You climb downwards.
The warg howls!
The white ugly thing bites you but does no damage.
An orc comes into view. It is wielding a +0 dagger.
A red ugly thing comes into view.
The orc priest looks braver for a moment.
An orc comes into view. It is wielding a +0 hand axe.
The white ugly thing bites you but does no damage.
There is a stone staircase leading up here.
The red ugly thing gurgles horribly!
The orc priest invokes the aid of Beogh against you.
Beogh smites you! The white ugly thing barely misses you.
You climb upwards.
There is a stone staircase leading down here.
You completely miss the white ugly thing.
The white ugly thing bites you but does no damage.
You puncture the white ugly thing!
The white ugly thing is moderately wounded.
You closely miss the white ugly thing.
The white ugly thing is moderately wounded.
The white ugly thing bites you but does no damage.
You bludgeon the white ugly thing!!
The white ugly thing looks as sick as possible!
The white ugly thing is severely wounded.
You barely miss the white ugly thing.
The white ugly thing is severely wounded.
The white ugly thing bites you. The white ugly thing freezes you!!
You are too injured to fight recklessly!
You are too injured to fight recklessly!
You are too injured to fight recklessly!
You puncture the white ugly thing!
The white ugly thing looks as sick as possible!
The white ugly thing is almost dead.
The white ugly thing bites you! The white ugly thing freezes you!!
You die...

.....##......##.....##...#
.....##......##......#...#
#######.............##...#
.....##.............##...#
.....>#.............#....#
......#.............'....#
.....##......##.....#....#
.....##......##)u...##...#
......#......##[@...##...#
.....##......#...........#
#######......#...........#
.............#...........#
.............##.....##...#
.....##########.....##...#
.....##......##..........#
.....##..................#
.........................#


You could see a white ugly thing (extremely poisoned).

Vanquished Creatures
  A quicksilver ooze (shapeshifter) (D:10)
  Josephine (D:10)
  A boulder beetle (D:10)
  A hydra (D:10)
  4 two-headed ogres
  A catoblepas (D:10)
  3 centaur warriors (D:10)
  2 tengu warriors (D:10)
  An orc high priest (Bailey)
  An orb spider (shapeshifter) (D:10)
  An orc knight (Bailey)
  A deep elf pyromancer (D:10)
  A cyclops (D:11)
  A manticore (D:10)
  Joseph (D:10)
  2 unseen horrors (D:10)
  4 kobold demonologists
  2 yaktaurs (D:10)
  4 trolls
  A hornet (D:10)
  A vampire (D:10)
  3 wyverns
  A shadow (D:11)
  7 wraiths
  Grum (D:8)
  2 basilisks (D:10)
  13 yaks (D:10)
  A vampire mosquito (D:10)
  An acid dragon (D:11)
  3 steam dragons
  A water moccasin (D:8)
  19 orc warriors
  An ice beast (D:7)
  A sky beast (D:7)
  4 ogres
  4 wolves (D:8)
  4 centaurs
  A phantom (D:6)
  A necrophage (D:5)
  14 kobold brigands
  A bullfrog (D:7)
  2 scorpions
  2 gnoll sergeants
  10 wights
  13 killer bees
  7 electric eels (Bailey)
  3 howler monkeys
  3 jellies
  4 hounds
  5 orc priests
  2 iguanas
  6 orc wizards
  2 mummies (Ossuary)
  13 gnolls
  11 adders
  2 river rats (Sewer)
  A shadow imp (D:7)
  A white imp (D:7)
  2 adder zombies (Ossuary)
  4 worms (Sewer)
  3 dart slugs (D:2)
  35 orcs
  9 ball pythons
  5 bats
  5 endoplasms
  7 giant cockroaches
  19 goblins
  15 hobgoblins
  10 jackals
  17 kobolds
  3 quokkas (D:3)
  3 frilled lizards
  A goblin zombie (Ossuary)
  10 hobgoblin zombies (Ossuary)
  2 jackal zombies (Ossuary)
  8 kobold zombies (Ossuary)
  11 orc zombies (Ossuary)
  11 rats
  3 rat zombies (Ossuary)
  A butterfly (D:5)
389 creatures vanquished.

Vanquished Creatures (others)
  An orc (D:9)
  A fungus (D:10)
2 creatures vanquished.

Grand Total: 391 creatures vanquished

Notes
Turn   | Place    | Note
-------+----------+-------------------------------------------
     0 | D:1      | Kel the Gargoyle Berserker began the quest for the Orb.
     0 | D:1      | Reached XP level 1. HP: 14/14 MP: 1/1
   126 | D:1      | Reached XP level 2. HP: 19/19 MP: 2/2
   174 | D:1      | Found a faded altar of an unknown god.
   352 | D:1      | Reached XP level 3. HP: 22/23 MP: 3/3
   517 | D:2      | Identified the +7 trident of Xugeosimo {elec, *Slow rN+
                  | Int+7 Dex+3}
   570 | D:2      | Reached ** piety under Trog
   660 | D:2      | Reached skill level 1 in Polearms
  1047 | D:3      | Found a radiant altar of Vehumet.
  1151 | D:3      | Reached XP level 4. HP: 28/28 MP: 4/4
  1225 | D:3      | Found a glowing drain.
  1242 | Sewer    | Entered a sewer
  1261 | Sewer    | Noticed a kobold brigand
  1267 | Sewer    | Killed a kobold brigand
  1268 | Sewer    | Reached skill level 3 in Polearms
  1268 | Sewer    | Reached XP level 5. HP: 32/32 MP: 5/5
  1396 | Sewer    | Noticed a kobold brigand
  1396 | Sewer    | Noticed a kobold brigand
  1409 | Sewer    | Killed a kobold brigand
  1410 | Sewer    | Reached skill level 4 in Polearms
  1411 | Sewer    | Killed a kobold brigand
  1412 | Sewer    | Reached XP level 6. HP: 35/37 MP: 6/6
  1548 | Sewer    | Reached skill level 5 in Polearms
  1915 | Sewer    | Reached XP level 7. HP: 40/41 MP: 7/7
  1958 | Sewer    | Reached skill level 6 in Polearms
  2225 | Sewer    | Reached skill level 7 in Polearms
  2524 | D:3      | Found an ornate altar of the Wu Jian Council.
  2584 | D:3      | Reached *** piety under Trog
  2997 | D:4      | Found a sand-covered staircase.
  3002 | Ossuary  | Entered an ossuary
  3059 | Ossuary  | Reached XP level 8. HP: 46/46 MP: 8/8
  3242 | Ossuary  | Reached **** piety under Trog
  3305 | D:4      | Reached skill level 8 in Polearms
  3486 | D:4      | Found Misetrus's Jewellery Shop.
  3492 | D:4      | Found Tasm's Magic Scroll Shoppe.
  3494 | D:4      | Found Rutyarr's Distillery.
  4016 | D:5      | Entered Level 5 of the Dungeon
  4061 | D:5      | Found a staircase to the Ecumenical Temple.
  4152 | D:5      | Found a shimmering altar of Xom.
  4240 | D:5      | Reached skill level 9 in Polearms
  4257 | D:5      | Found a hazy altar of Hepliaklqana.
  4841 | D:6      | Reached XP level 9. HP: 51/51 MP: 9/9
  5007 | D:6      | Reached skill level 10 in Polearms
  5106 | D:6      | HP: 2/51 [gnoll sergeant/+0 spear (10)]
  5624 | D:7      | Found a blossoming altar of Fedhas.
  5763 | D:7      | Reached skill level 11 in Polearms
  5911 | D:7      | Reached ***** piety under Trog
  6344 | D:7      | Found a flagged portal.
  6359 | Bailey   | Entered a bailey
  6464 | Bailey   | Reached skill level 12 in Polearms
  6675 | Bailey   | Reached XP level 10. HP: 48/56 MP: 10/10
  6929 | Bailey   | Noticed a kobold demonologist
  6949 | Bailey   | Killed a kobold demonologist
  7199 | Bailey   | HP: 3/84 [electric eel/bolt of electricity (2)]
  7546 | Bailey   | Found an iron altar of Okawaru.
  7548 | Bailey   | Noticed an orc high priest
  7550 | Bailey   | Identified the +10 dire flail of Dividends {venom, rCorr
                  | MP-9 Str+4 Stlth+}
  7565 | Bailey   | Noticed a soul eater
  7570 | Bailey   | Killed an orc high priest
  7571 | Bailey   | Reached skill level 13 in Polearms
  7707 | Bailey   | Reached skill level 1 in Maces & Flails
  7797 | Bailey   | Noticed an orc knight
  7806 | Bailey   | Killed an orc knight
  8393 | Bailey   | Identified the +3 falchion "Joc Leot" {flame, Fragile Dex+2
                  | SInv}
  8816 | D:8      | Reached skill level 5 in Maces & Flails
  8843 | D:8      | Noticed Grum
  8856 | D:8      | Killed Grum
  9501 | D:8      | Reached XP level 11. HP: 60/60 MP: 2/11
 10324 | D:9      | Noticed a two-headed ogre
 10331 | D:9      | Killed a two-headed ogre
 10786 | D:9      | Noticed an orange crystal statue
 11046 | D:9      | Noticed a two-headed ogre
 11058 | D:9      | Killed a two-headed ogre
 11394 | D:10     | Entered Level 10 of the Dungeon
 11394 | D:10     | Noticed Joseph
 11400 | D:10     | Killed Joseph
 11614 | D:10     | Reached skill level 10 in Maces & Flails
 11816 | D:10     | Noticed Josephine
 11824 | D:10     | Killed Josephine
 11826 | D:10     | Received a gift from Trog
 11989 | D:10     | Found a staircase to the Lair.
 12300 | D:10     | Reached XP level 12. HP: 68/68 MP: 3/12
 12301 | D:10     | Reached skill level 5 in Fighting
 12586 | D:10     | Reached skill level 5 in Armour
 13052 | D:10     | Noticed a two-headed ogre
 13055 | D:10     | Noticed a two-headed ogre
 13057 | D:10     | Killed a two-headed ogre
 13062 | D:10     | Killed a two-headed ogre
 13063 | D:10     | Noticed a catoblepas
 13063 | D:10     | Noticed a four-headed hydra
 13070 | D:10     | Killed a catoblepas
 13079 | D:10     | Killed a four-headed hydra
 13256 | D:10     | Noticed a centaur warrior
 13265 | D:10     | Killed a centaur warrior
 13387 | D:10     | Noticed a tengu warrior
 13407 | D:10     | Noticed a fire dragon
 13407 | D:10     | Identified the ring "Ecarch" {Will+ Dex+6}
 13418 | D:10     | Killed a tengu warrior
 13469 | D:10     | Noticed a quicksilver ooze
 13474 | D:10     | Killed a quicksilver ooze
 13475 | D:10     | Noticed a centaur warrior
 13479 | D:10     | Killed a centaur warrior
 13508 | D:10     | Reached XP level 13. HP: 29/78 MP: 2/13
 13627 | D:10     | HP: 2/79 [yaktaur/bolt (18)]
 13959 | D:10     | Identified the +0 leather armour of Boredom {Harm rF- Int+9
                  | Dex-5}
 14689 | D:11     | Received a gift from Trog
 15306 | D:11     | Mangled by a white ugly thing

Illustrated notes

Levels and vault maps discovered:
D:1:      dpeg_arrival_ternary, layout_rooms,
          ebering_ecumenical_altar_sacrificial
D:2:      layout_basic
D:3:      layout_loops_ring, nicolae_wu_jian_glorious_leap,
          vehumet_altar_wand_db, gup_sewer_entry_pipe
D:4:      layout_cave_pods, enter_ossuary_5, nicolae_wooded_promenade
D:5:      layout_cave_pools, xom_butterflies, nicolae_hepliaklqana_hazy_memory,
          minmay_temple_entry_sparse_star, minmay_misc_feat_roman
D:6:      layout_basic
D:7:      layout_basic, fedhas_altar_1, enter_bailey_5
D:8:      layout_basic, uniq_grum
D:9:      layout_basic, disabler_island
D:10:     minmay_the_grid_square_5x5_4x4 [minmay_the_grid_square_5x5_comb,
          minmay_the_grid_square_5x5_bridge, minmay_the_grid_square_5x5_three,
          minmay_the_grid_square_5x5_inset, minmay_the_grid_square_5x5_plus,
          minmay_the_grid_square_5x5_prize_itemx,
          minmay_the_grid_square_5x5_prize_pseudospiral,
          minmay_the_grid_square_5x5_three_small,
          minmay_the_grid_square_5x5_corner,
          minmay_the_grid_square_5x5_prize_waves,
          minmay_the_grid_square_5x5_prize_deathbox,
          minmay_the_grid_square_5x5_inner_z,
          minmay_the_grid_square_5x5_three_walls,
          minmay_the_grid_square_5x5_detours, minmay_the_grid_square_5x5_fat_x,
          minmay_the_grid_square_5x5_spiral_small], layout_irregular_city,
          david_lair_generic, uniq_josephine, uniq_joseph
D:11:     layout_gridville
D:12:     layout_cave_pools, erik_orc_4, serial_shops, nicolae_diamond_shop,
          kennysheep_slug_shrine, uniq_nergalle

Skill      XL: |  1  2  3  4  5  6  7  8  9 10 11 12 13 |
---------------+----------------------------------------+-----
Axes           | 3 |  3.8
Polearms       | 1 3 4 5 7 9 12 13 | 13.3
Maces & Flails | 6 10 12 | 12.5
Armour         | 4 7 8 |  8.6
Fighting       | 4 8 9 |  9.0
Dodging        | |  1.5

Action                   |  1- 3 |  4- 6 |  7- 9 | 10-12 | 13-15 || total
-------------------------+-------+-------+-------+-------+-------++-------
Melee: Hand axe          |    48 |       |       |       |       ||    48
       Trident           |    37 |    63 |   358 |    54 |       ||   512
       Punch             |       |       |     1 |       |       ||     1
       Dire flail        |       |       |       |   377 |    81 ||   458
Invok: Berserk           |       |     2 |     3 |    14 |       ||    19
  Use: Potion            |       |       |       |     1 |     4 ||     5
       Scroll            |       |       |       |       |     1 ||     1
Armor: Leather armour    |    24 |       |       |       |       ||    24
       Chain mail        |    20 |    13 |   102 |    13 |       ||   148
       Crystal plate arm |       |       |       |   362 |    88 ||   450
Dodge: Dodged            |    55 |    26 |    93 |   149 |    40 ||   363
Block: Buckler           |       |       |    14 |     3 |       ||    17
